 Dungeon Crawl Stone Soup version 0.28.0-47-ge53b351184 (webtiles) character file.

Game seed: 13168189847850214053

51 issech the Cudgeller (level 3, -1/36 HPs)
             Began as a Troll Monk on May 10, 2022.
             Slain by a phantom (7 damage)
             ... on level 2 of the Dungeon.
             The game lasted 00:04:06 (1133 turns).

issech the Cudgeller (Troll Monk)                   Turns: 1133, Time: 00:04:07

Health: -1/36      AC:  4    Str: 19    XL:     3   Next: 58%
Magic:  2/2        EV: 10    Int:  6    God:
Gold:   70         SH:  0    Dex: 14    Spells: 2/2 levels left

rFire   . . .      SeeInvis .   a - +0 mace
rCold   . . .      Faith    .   (no shield)
rNeg    . . .      Spirit   .   b - +0 robe
rPois   .          Reflect  .   (helmet restricted)
rElec   .          Harm     .   (no cloak)
rCorr   .          Rampage  .   (gloves unavailable)
Will    .....                   (boots unavailable)
Stlth   ++........              (no amulet)
HPRegen 0.92/turn               (no ring)
MPRegen 0.08/turn               (no ring)

@: no status effects
A: large, unfitting armour, claws 3, regeneration 1, shaggy fur 1, tough skin 1
a: no special abilities


You were on level 2 of the Dungeon.
You visited 1 branch of the dungeon, and saw 2 of its levels.

You collected 70 gold pieces.

Inventory:

Hand Weapons
 a - a +0 mace (weapon)
Missiles
 c - 69 stones (quivered)
 e - 21 arrows
 g - 2 poisoned darts
Armour
 b - a +0 robe (worn)
Wands
 j - a wand of polymorph (13)
Scrolls
 d - a scroll of holy word {unknown}
 h - a scroll of amnesia {unknown}
 i - a scroll of enchant armour {unknown}
Potions
 f - a potion of attraction {unknown}
 k - a potion of might {unknown}


   Skills:
 + Level 2.8 Fighting
 + Level 3.3 Maces & Flails
 + Level 3.0 Dodging
 + Level 1.0 Stealth


You had 2 spell levels left.
You didn't know any spells.
Your spell library was empty.

Dungeon Overview and Level Annotations

Branches:
Dungeon (2/15)

Altars:


Innate Abilities, Weirdness & Mutations

You are too large for most types of armour.
You have claws for hands.
Your natural rate of healing is unusually fast.
You are covered in fur. (AC +1)
You have tough skin. (AC +1)


Message History

* * * LOW HITPOINT WARNING * * *
The dart slug launches a dart at you. The slug dart hits you.
* * * LOW HITPOINT WARNING * * *
You completely miss the phantom.
The phantom is severely damaged.
The phantom completely misses you.
You closely miss the phantom.
The phantom is severely damaged.
The phantom misses you. The phantom closely misses you.
You barely miss the phantom.
The phantom is severely damaged.
The phantom hits you but does no damage.
You thump the phantom!
The phantom is almost destroyed.
The phantom hits you.
The phantom blinks!
You blink.
You closely miss the phantom.
The phantom is almost destroyed.
The phantom hits you but does no damage.
You hit the phantom but do no damage.
The phantom is almost destroyed.
The phantom hits you but does no damage.
The phantom barely misses you.
You closely miss the phantom.
The phantom is almost destroyed.
The dart slug launches a dart at you. The slug dart hits you.
The phantom hits you.
* * * LOW HITPOINT WARNING * * *
You closely miss the phantom.
The phantom is almost destroyed.
The phantom barely misses you.
You miss the phantom.
The phantom is almost destroyed.
The phantom hits you.
* * * LOW HITPOINT WARNING * * *
The phantom blinks!
You blink.
You see here a bat skeleton.
Unknown command.
The phantom hits you!
You die...

#.#...(..# #...####
#.#......############## #......##
..#...........).......# #........
###.....####..........###......##
......w...w......................
......#####....รท.......##......##
.......>.###..........###......#
...........#...W......#........#
................@.......#......##
...........##.)#####....#......#.
..............### #######.#####.
................# #.# #.
.....#####.##...## #.
........##.###...#########.#####.
####.##.##..##....#......#.#.....
.##...#..##.#....#####.#####.
####..# #......# # #.


You could see a phantom and a dart slug.

Vanquished Creatures
  2 adders (D:2)
  A worm (D:2)
  A dart slug (D:1)
  2 ball pythons
  3 bats
  An endoplasm (D:2)
  A giant cockroach (D:1)
  7 goblins
  A hobgoblin (D:2)
  2 frilled lizards (D:2)
  A kobold (D:1)
  7 rats
29 creatures vanquished.

Vanquished Creatures (others)
  4 plants (D:1)
4 creatures vanquished.

Grand Total: 33 creatures vanquished

Notes
Turn   | Place    | Note
-------+----------+-------------------------------------------
     0 | D:1      | issech the Troll Monk began the quest for the Orb.
     0 | D:1      | Reached XP level 1. HP: 22/22 MP: 0/0
   381 | D:1      | Reached XP level 2. HP: 29/29 MP: 1/1
   956 | D:2      | Reached XP level 3. HP: 28/36 MP: 2/2
  1095 | D:2      | Noticed a phantom
  1127 | D:2      | HP: 1/36 [phantom (6)]
  1133 | D:2      | Slain by a phantom

Illustrated notes

Levels and vault maps discovered:
D:1:      dpeg_arrival_water_temple_mockup, layout_loops_ring, kennysheep_boxes
D:2:      layout_rooms, serial_co_window_serial, co_window_corner_a,
          co_window_paths_b, co_window_cross_1, co_window_paths_a,
          co_window_corner_a, co_window_broadway_c, co_window_unsneaky_path_b,
          co_window_broadway_b, glass_columns_a, glass_columns_a,
          glass_columns_c

Skill      XL: |  1  2  3 |
---------------+----------+-----
Maces & Flails | 3 |  3.3
Dodging        | 3 |  3.0
Fighting       | |  2.8
Stealth        | |  1.0

Action                   || total
-------------------------++-------
Melee: Mace              ||   125
       Punch             ||     1
Throw: Stone             ||     1
 Stab: Sleeping          ||     1
Armor: Robe              ||    70
Dodge: Dodged            ||    74
